 Dungeon Crawl Stone Soup version 0.19.1 (webtiles) character file.

70 hal2100 the Digger (level 4, -2/36 HPs)
             Began as a Gargoyle Earth Elementalist on Dec 11, 2016.
             Slain by a goblin
             ... wielding a +0 club
             ... led by Robin
              (5 damage)
             ... on level 2 of the Dungeon.
             The game lasted 00:13:40 (1158 turns).

hal2100 the Digger (Gargoyle Earth Elementalist)    Turns: 1158, Time: 00:13:41

Health: -2/36      AC:  7    Str: 17    XL:     4   Next: 21%
Magic:  1/9        EV: 12    Int: 16    God:
Gold:   117        SH:  0    Dex: 10    Spells: 1 memorised, 9 levels left

rFire  . . .     SeeInvis .     b - 83 stones
rCold  . . .     Gourm    .     c - +0 robe
rNeg   + . .     Faith    .     (no shield)
rPois  ∞         Spirit   .     k - +0 helmet
rElec  +         Reflect  .     (no cloak)
rCorr  .         Harm     .     (no gloves)
MR     .....                    p - +0 pair of boots
Stlth  ..........               (no amulet)
                                (no ring)
                                (no ring)

@: berserking, flying, very quick
A: negative energy resistance 1, electricity resistance, unbreathing,
petrification resistance, rot immunity, AC +3
a: no special abilities


You were on level 2 of the Dungeon.
You were not hungry.

You visited 1 branch of the dungeon, and saw 2 of its levels.

You collected 117 gold pieces.

Inventory:

Hand Weapons
 h - a +0 dagger
Missiles
 b - 83 stones (in hand)
Armour
 c - a +0 robe (worn)
 k - a +0 helmet (worn)
 p - a +0 pair of boots (worn)
Scrolls
 i - a scroll of amnesia {unknown}
 j - 3 scrolls of remove curse {unknown}
 n - a scroll of identify {unknown}
 q - a scroll of teleportation {unknown}
Potions
 f - 3 potions of curing
 g - a potion of flight
Books
 e - a book of Geomancy

   Spells                             Type                      Level
   a - Sandblast                      Earth                        1
   b - Passwall                       Transmutation/Earth          2
   c - Stone Arrow                    Conjuration/Earth            3
   d - Petrify                        Transmutation/Earth          4
   e - Lee's Rapid Deconstruction     Earth                        5
Comestibles
 a - 3 chunks of flesh
 d - 5 bread rations
 m - a meat ration
 o - a beef jerky


   Skills:
 - Level 1.5 Dodging
 - Level 2.1 Stealth
 * Level 3.5 Spellcasting
   Level 0.7 Transmutations
 + Level 4.4 Earth Magic


You had 9 spell levels left.
You knew the following spells:

 Your Spells              Type           Power        Failure   Level  Hunger
a - Sandblast             Erth           ###...       3%          1    None


Dungeon Overview and Level Annotations

Branches:
Dungeon (2/15)

Altars:

Annotations:
D:2 Robin


Innate Abilities, Weirdness & Mutations

You are resistant to torment.
Your stone body is resilient. (AC +3)
You are immune to poison.
You resist negative energy. (rN+)
You are resistant to electric shocks. (rElec)
You can survive without breathing.
You are immune to petrification.
You are immune to rotting.


Message History

The goblin barely misses you. Something hits you but does no damage.
You closely miss the goblin. The goblin hits you but does no damage.
Something hits you.
* * * LOW HITPOINT WARNING * * *
It was a potion of curing.
You feel better. The goblin hits you but does no damage. Something hits you.
* * * LOW HITPOINT WARNING * * *
It was a potion of flight.
You feel very buoyant.
You fly up into the air.
The goblin hits you with an uncursed club.
* * * LOW HITPOINT WARNING * * *
Something hits you.
* * * LOW HITPOINT WARNING * * *
It was a potion of berserk rage.
A red film seems to cover your vision as you go berserk!
You feel yourself moving faster!
You feel mighty!
The hobgoblin no longer looks unusually strong.
The goblin hits you with an uncursed club.
You die...

#.##.# #.##.....#..# #
#.##.# #..#.##.##..#
#.##.# #....#..# ..#
#.##.#####..#...## ...
#..............[..
####.########..### #.#
#..# #.########..#
#...g@{gg...# #
###########.####{####.
#.†g.gg.....
######gg.... #####


You could see a hobgoblin and 2 goblins.

Vanquished Creatures
  An adder (D:2)
  An ooze (D:2)
  2 dart slugs (D:1)
  3 leopard geckos
  2 giant cockroaches (D:1)
  14 goblins
  7 hobgoblins
  3 kobolds (D:2)
  4 bats
  3 frilled lizards (D:1)
  3 rats
43 creatures vanquished.

Notes
Turn   | Place    | Note
-------+----------+-------------------------------------------
     0 | D:1      | hal2100 the Gargoyle Earth Elementalist began the quest for the Orb.
     0 | D:1      | Reached XP level 1. HP: 10/10 MP: 3/3
   215 | D:1      | Reached XP level 2. HP: 15/15 MP: 0/5
   482 | D:1      | Reached skill level 4 in Earth Magic
   537 | D:1      | Reached XP level 3. HP: 18/19 MP: 1/7
  1018 | D:2      | Reached XP level 4. HP: 23/24 MP: 1/9
  1119 | D:2      | Noticed Robin
  1158 | D:2      | Slain by a goblin

Skill      XL: |  1  2  3 |
---------------+----------+-----
Earth Magic    | 4 |  4.4
Spellcasting   | 3 |  3.5
Dodging        | |  1.5
Stealth        | |  2.1
Transmutations | |  0.7

Action                   |  1- 3 |  4- 6 || total
-------------------------+-------+-------++-------
Melee: Unarmed           |    11 |       ||    11
       Dagger            |    33 |    10 ||    43
 Cast: Sandblast         |    66 |    15 ||    81
  Use: Potion            |       |     3 ||     3
  Eat: Chunk             |     1 |       ||     1
Armor: Robe              |    49 |    13 ||    62
Dodge: Dodged            |    70 |    21 ||    91
